ITL
WABA DUCKS @ UTICA UNICORNS
07/30/2028
 
TOP OF THE 1ST
Waba Ducks batting - Pitching for Utica Unicorns : LHP Miguel Galván
Pitching: LHP Miguel Galván
Batting: RHB Tomás Díaz 0-0: Foul Ball, location: 2F
0-1: Ground out U3 (Groundball, 3)
Batting: RHB Pedro Molina 0-0: SINGLE (Groundball, 4) (infield hit)
Batting: LHB Sammy Marshall 0-0: Ball
1-0: Foul Ball, location: 2F
1-1: Swinging Strike
1-2: Ball
2-2: Strikes out swinging
Batting: LHB Howard Evans 0-0: Foul Ball, location: 2F
0-1: Fly out, F8 (Flyball, 8LD)
Top of the 1st over - 0 run(s), 1 hit(s), 0 error(s), 1 left on base; Waba 0 - Utica 0
BOTTOM OF THE 1ST
Utica Unicorns batting - Pitching for Waba Ducks : RHP Sang-joon Pak
Pitching: RHP Sang-joon Pak
Batting: LHB Jesús Raugel 0-0: Called Strike
0-1: Foul Ball, location: 2F
0-2: Foul Ball, location: 2F
0-2: Foul Ball, location: 2F
0-2: Ball
1-2: Ball
2-2: Hit by Pitch
Batting: RHB Mitsuoki Taguchi 0-0: Ball
Jesús Raugel steals 2nd base
1-0: Called Strike
1-1: Ball
2-1: Swinging Strike
2-2: Ground out 6-3 (Groundball, 6)
Jesús Raugel to third
Batting: RHB Gerald Burnett 0-0: Ball
1-0: Called Strike
1-1: Foul Ball, location: 2F
1-2: Ball
2-2: Foul Ball, location: 2F
2-2: Strikes out looking
Batting: RHB Danny Crouch 0-0: Called Strike
0-1: Ball
1-1: Ball
2-1: Swinging Strike
2-2: Foul Ball, location: 2F
2-2: Strikes out swinging
Bottom of the 1st over - 0 run(s), 0 hit(s), 0 error(s), 1 left on base; Waba 0 - Utica 0
TOP OF THE 2ND
Waba Ducks batting - Pitching for Utica Unicorns : LHP Miguel Galván
Batting: RHB Jeremy Flemming 0-0: Ground out 4-3 (Groundball, 34)
Batting: RHB Kelly Graham 0-0: SINGLE (Groundball, 34D)
Batting: RHB Shaun Puckett 0-0: Ball
1-0: Called Strike
1-1: Foul Ball, location: 2F
1-2: Ball
2-2: Ball
3-2: Base on Balls
Kelly Graham to second
Batting: RHB Don Keating 0-0: Foul Ball, location: 2F
0-1: Ball
1-1: Ball
2-1: Ball
3-1: Called Strike
3-2: Base on Balls
Kelly Graham to third
Shaun Puckett to second
Batting: LHB Fernando Cruz 0-0: Called Strike
0-1: Foul Ball, location: 2F
0-2: Ball
1-2: Ball
2-2: Fly out, F9 (Flyball, 89M)
Runner from 3rd tags up, SCORES, no throw
Batting: RHB Tomás Díaz 0-0: Called Strike
0-1: Ball
1-1: Ball
2-1: Ball
3-1: Called Strike
3-2: Base on Balls
Shaun Puckett to third
Don Keating to second
Batting: RHB Pedro Molina 0-0: Called Strike
0-1: Foul Ball, location: 2F
0-2: Ball
1-2: Ball
2-2: Foul Ball, location: 2F
2-2: Ball
3-2: Fly out, F6 (Line Drive, 6)
Top of the 2nd over - 1 run(s), 1 hit(s), 0 error(s), 3 left on base; Waba 1 - Utica 0
BOTTOM OF THE 2ND
Utica Unicorns batting - Pitching for Waba Ducks : RHP Sang-joon Pak
Batting: LHB Mitchell Oglethorpe 0-0: Ball
1-0: Ball
2-0: Ball
3-0: Base on Balls
Batting: RHB José Velázquez 0-0: Called Strike
0-1: Called Strike
0-2: Ball
1-2: Ball
2-2: Ball
3-2: Foul Ball, location: 2F
3-2: Fly out, F8 (Flyball, 8RS)
Batting: LHB Bill Hall 0-0: Called Strike
0-1: Called Strike
0-2: Ball
1-2: Fly out, F9 (Flyball, 9)
Batting: RHB Héctor Jiménez 0-0: Ball
1-0: Ball
2-0: Foul Ball, location: 2F
2-1: Ground out 4-3 (Groundball, 34)
Bottom of the 2nd over - 0 run(s), 0 hit(s), 0 error(s), 1 left on base; Waba 1 - Utica 0
TOP OF THE 3RD
Waba Ducks batting - Pitching for Utica Unicorns : LHP Miguel Galván
Batting: LHB Sammy Marshall 0-0: Foul Ball, location: 2F
0-1: Fly out, F7 (Flyball, 7S)
Batting: LHB Howard Evans 0-0: Ball
1-0: Foul Ball, location: 2F
1-1: DOUBLE (Line Drive, 8RXD)
Batting: RHB Jeremy Flemming 0-0: Ball
1-0: Ground out 6-3 (Groundball, 6S)
Howard Evans to third
Batting: RHB Kelly Graham 0-0: Fly out, F2 (Popup, 25)
Top of the 3rd over - 0 run(s), 1 hit(s), 0 error(s), 1 left on base; Waba 1 - Utica 0
BOTTOM OF THE 3RD
Utica Unicorns batting - Pitching for Waba Ducks : RHP Sang-joon Pak
Batting: RHB Manny Ramírez 0-0: Foul Ball, location: 2F
0-1: Swinging Strike
0-2: Ball
1-2: Ball
2-2: Strikes out swinging
Batting: LHB Jesús Raugel 0-0: Fly out, F5 (Popup, 56)
Batting: RHB Mitsuoki Taguchi 0-0: Called Strike
0-1: Foul Ball, location: 2F
0-2: Foul Ball, location: 2F
0-2: Ball
1-2: Strikes out looking
Bottom of the 3rd over - 0 run(s), 0 hit(s), 0 error(s), 0 left on base; Waba 1 - Utica 0
TOP OF THE 4TH
Waba Ducks batting - Pitching for Utica Unicorns : LHP Miguel Galván
Batting: RHB Shaun Puckett 0-0: Ball
1-0: Foul Ball, location: 2F
1-1: Ground out 6-3 (Groundball, 6)
Batting: RHB Don Keating 0-0: Ball
1-0: Foul Ball, location: 2F
1-1: Swinging Strike
1-2: Strikes out swinging
Batting: LHB Fernando Cruz 0-0: Called Strike
0-1: Foul Ball, location: 2F
0-2: Strikes out swinging
Top of the 4th over - 0 run(s), 0 hit(s), 0 error(s), 0 left on base; Waba 1 - Utica 0
BOTTOM OF THE 4TH
Utica Unicorns batting - Pitching for Waba Ducks : RHP Sang-joon Pak
Batting: RHB Gerald Burnett 0-0: Ball
1-0: Foul Ball, location: 2F
1-1: Foul Ball, location: 2F
1-2: Ball
2-2: SINGLE (Groundball, 56D)
Batting: RHB Danny Crouch 0-0: Fly out, F8 (Flyball, 8RM)
Batting: LHB Mitchell Oglethorpe 0-0: Foul Ball, location: 2F
0-1: Ball
1-1: Foul Ball, location: 2F
1-2: Ball
2-2: Ball
3-2: Foul Ball, location: 2F
3-2: Foul Ball, location: 2F
3-2: Ground out 6-3 (Groundball, 6S)
Gerald Burnett to second
Batting: RHB José Velázquez 0-0: Ball
1-0: Ball
2-0: Ball
3-0: Called Strike
3-1: Foul Ball, location: 2F
3-2: Fly out, F5 (Popup, 5L)
Bottom of the 4th over - 0 run(s), 1 hit(s), 0 error(s), 1 left on base; Waba 1 - Utica 0
TOP OF THE 5TH
Waba Ducks batting - Pitching for Utica Unicorns : LHP Miguel Galván
Batting: RHB Tomás Díaz 0-0: Ball
1-0: Foul Ball, location: 2F
1-1: Swinging Strike
1-2: Strikes out looking
Batting: RHB Pedro Molina 0-0: Ball
1-0: Swinging Strike
1-1: Swinging Strike
1-2: Ball
2-2: Fly out, F8 (Flyball, 8LM)
Batting: LHB Sammy Marshall 0-0: Called Strike
0-1: Fly out, F9 (Flyball, 9)
Top of the 5th over - 0 run(s), 0 hit(s), 0 error(s), 0 left on base; Waba 1 - Utica 0
BOTTOM OF THE 5TH
Utica Unicorns batting - Pitching for Waba Ducks : RHP Sang-joon Pak
Batting: LHB Bill Hall 0-0: Ball
1-0: Swinging Strike
1-1: Ground out 4-3 (Groundball, 4)
Batting: RHB Héctor Jiménez 0-0: Called Strike
0-1: Called Strike
0-2: DOUBLE (Flyball, 89D)
Pinch Runner at 2nd Raúl Morales:
Batting: RHB Manny Ramírez 0-0: Called Strike
0-1: Ball
1-1: Swinging Strike
1-2: Ball
2-2: Strikes out swinging
Batting: LHB Jesús Raugel 0-0: Ball
1-0: Ball
2-0: Swinging Strike
2-1: SINGLE (Line Drive, 34)
Raúl Morales to third
Runner from 3rd tries for Home, SAFE, no throw
Batting: RHB Mitsuoki Taguchi 0-0: Ball
1-0: Called Strike
1-1: Fielders Choice at 2nd, 4-6 (Groundball, 4)
Bottom of the 5th over - 1 run(s), 2 hit(s), 0 error(s), 0 left on base; Waba 1 - Utica 1
TOP OF THE 6TH
Waba Ducks batting - Pitching for Utica Unicorns : LHP Miguel Galván
Now at 3B: Raúl Morales
Batting: LHB Howard Evans 0-0: Called Strike
0-1: Swinging Strike
0-2: Strikes out swinging
Batting: RHB Jeremy Flemming 0-0: SINGLE (Groundball, 56D)
Batting: RHB Kelly Graham 0-0: Fielders Choice at 2nd, 5-4 (Groundball, 5D)
Batting: RHB Shaun Puckett 0-0: Fly out, F9 (Flyball, 9)
Top of the 6th over - 0 run(s), 1 hit(s), 0 error(s), 1 left on base; Waba 1 - Utica 1
BOTTOM OF THE 6TH
Utica Unicorns batting - Pitching for Waba Ducks : RHP Sang-joon Pak
Batting: RHB Gerald Burnett 0-0: Ball
1-0: Swinging Strike
1-1: Ball
2-1: Swinging Strike
2-2: Fly out, F8 (Line Drive, 78S)
Batting: RHB Danny Crouch 0-0: Called Strike
0-1: DOUBLE (Flyball, 8LXD)
Batting: LHB Mitchell Oglethorpe 0-0: Intentional Walk
Pitching: RHP Sergio Torres
Batting: RHB José Velázquez 0-0: Called Strike
0-1: Foul Ball, location: 2F
0-2: Foul Ball, location: 2F
0-2: Ball
1-2: Ground out 5-3 (Groundball, 56S)
Danny Crouch to third
Mitchell Oglethorpe to second
Batting: LHB Bill Hall 0-0: Foul Ball, location: 2F
0-1: Called Strike
0-2: Ball
1-2: Foul Ball, location: 2F
1-2: Ball
2-2: SINGLE (Line Drive, 9LS)
Danny Crouch scores
Mitchell Oglethorpe to third
Runner from 3rd tries for Home, SAFE, throw made home
Batting: LHB Raúl Morales 0-0: Called Strike
0-1: Called Strike
0-2: Strikes out swinging
Bottom of the 6th over - 2 run(s), 2 hit(s), 0 error(s), 1 left on base; Waba 1 - Utica 3
TOP OF THE 7TH
Waba Ducks batting - Pitching for Utica Unicorns : LHP Miguel Galván
Batting: RHB Don Keating 0-0: Ball
1-0: Called Strike
1-1: Ball
2-1: Called Strike
2-2: Ground out 4-3 (Groundball, 4)
Batting: LHB Fernando Cruz 0-0: Called Strike
0-1: Called Strike
0-2: Ground out 4-3 (Groundball, 4)
Batting: RHB Tomás Díaz 0-0: Fly out, F9 (Flyball, 9LM)
Top of the 7th over - 0 run(s), 0 hit(s), 0 error(s), 0 left on base; Waba 1 - Utica 3
BOTTOM OF THE 7TH
Utica Unicorns batting - Pitching for Waba Ducks : RHP Sergio Torres
Batting: RHB Manny Ramírez 0-0: Ball
1-0: Foul Ball, location: 2F
1-1: Ground out 4-3 (Groundball, 4M)
Batting: LHB Jesús Raugel 0-0: Called Strike
0-1: Ball
1-1: Foul Ball, location: 2F
1-2: Strikes out swinging
Batting: RHB Mitsuoki Taguchi 0-0: Called Strike
0-1: Ball
1-1: SINGLE (Groundball, 4MD)
Batting: RHB Gerald Burnett 0-0: Ball
Mitsuoki Taguchi is caught stealing 2nd base
Bottom of the 7th over - 0 run(s), 1 hit(s), 0 error(s), 0 left on base; Waba 1 - Utica 3
TOP OF THE 8TH
Waba Ducks batting - Pitching for Utica Unicorns : LHP Miguel Galván
Batting: RHB Pedro Molina 0-0: Ground out 1-3 (Groundball, P)
Batting: LHB Sammy Marshall 0-0: Swinging Strike
0-1: Foul Ball, location: 2F
0-2: Strikes out swinging
Batting: LHB Howard Evans 0-0: Ball
1-0: Called Strike
1-1: Swinging Strike
1-2: Strikes out swinging
Top of the 8th over - 0 run(s), 0 hit(s), 0 error(s), 0 left on base; Waba 1 - Utica 3
BOTTOM OF THE 8TH
Utica Unicorns batting - Pitching for Waba Ducks : RHP Sergio Torres
Batting: RHB Gerald Burnett 0-0: Foul Ball, location: 2F
0-1: Foul Ball, location: 2F
0-2: Ball
1-2: Strikes out swinging
Batting: RHB Danny Crouch 0-0: Swinging Strike
0-1: Called Strike
0-2: Ball
1-2: Strikes out swinging
Batting: LHB Mitchell Oglethorpe 0-0: Ball
1-0: Called Strike
1-1: Ball
2-1: Ball
3-1: Foul Ball, location: 2F
3-2: Base on Balls
Batting: RHB José Velázquez 0-0: Ball
1-0: Ball
2-0: Called Strike
2-1: Fly out, F8 (Line Drive, 8RD)
Bottom of the 8th over - 0 run(s), 0 hit(s), 0 error(s), 1 left on base; Waba 1 - Utica 3
TOP OF THE 9TH
Waba Ducks batting - Pitching for Utica Unicorns : LHP Miguel Galván
Pitching: RHP Claudio Rivera
Batting: RHB Jeremy Flemming 0-0: Ball
1-0: Ball
2-0: Ball
3-0: Base on Balls
Batting: RHB Kelly Graham 0-0: Ball
1-0: Grounds into double play, 6-4-3 (Groundball, 6)
Batting: RHB Shaun Puckett 0-0: Ball
1-0: Fly out, F9 (Flyball, 9S)
Top of the 9th over - 0 run(s), 0 hit(s), 0 error(s), 0 left on base; Waba 1 - Utica 3
Tuesday, August 8th, 2017 - OOTP Baseball 17.12 Build 75